 Dungeon Crawl Stone Soup version 0.27-a0-46-g34d46f0a3f (webtiles) character file.

Game seed: 6888851485221116609

36 jaime the Skirmisher (level 3, 0/33 HPs)
             Began as a Minotaur Fighter on Jan 6, 2021.
             Slain by a gnoll
             ... wielding a +0 whip
              (5 damage)
             ... on level 2 of the Dungeon.
             The game lasted 00:03:45 (439 turns).

jaime the Skirmisher (Minotaur Fighter)              Turns: 439, Time: 00:03:47

Health: 0/33       AC:  7    Str: 21    XL:     3   Next: 19%
Magic:  2/2        EV:  7    Int:  5    God:
Gold:   44         SH:  9    Dex:  9    Spells: 2/2 levels left

rFire    . . .     SeeInvis .   a - +0 rapier
rCold    . . .     Faith    .   c - +0 kite shield
rNeg     . . .     Spirit   .   b - +0 scale mail
rPois    .         Reflect  .   (helmet restricted)
rElec    .         Harm     .   (no cloak)
rCorr    .         Rampage  .   (no gloves)
Will     .....                  (no boots)
Stlth    ..........             (no amulet)
HPRegen  0.11/turn              (no ring)
MPRegen  0.08/turn              (no ring)

@: no status effects
A: retaliatory headbutt, horns 2
a: no special abilities


You were on level 2 of the Dungeon.
You visited 1 branch of the dungeon, and saw 2 of its levels.

You collected 44 gold pieces.

Inventory:

Hand Weapons
 a - a +0 rapier (weapon)
 f - a +0 club
 g - a +0 short sword
Armour
 b - a +0 scale mail (worn)
 c - a +0 kite shield (worn)
Jewellery
 j - an uncursed amulet of guardian spirit {unknown}
Scrolls
 h - a scroll of teleportation {unknown}
 i - a scroll of magic mapping {unknown}
 k - a scroll of identify {unknown}
 l - a scroll of remove curse {unknown}
 m - a scroll of amnesia {unknown}
Potions
 d - 2 potions of might
 e - a potion of curing {unknown}
 n - a potion of mutation {unknown}


   Skills:
 + Level 4.2 Fighting
 + Level 2.6 Short Blades
 + Level 4.0 Armour
 + Level 0.1 Dodging
 + Level 4.0 Shields


You had 2 spell levels left.
You didn't know any spells.
Your spell library was empty.

Dungeon Overview and Level Annotations

Branches:
Dungeon (2/15)

Altars:


Innate Abilities, Weirdness & Mutations

You reflexively headbutt those who attack you in melee.
You have a pair of horns on your head.


Message History

The bat barely misses you.
The gnoll hits you from afar with a +0 spear.
The bat hits you but does no damage. You block the bat's attack.
There is an open door here.
You block the bat's attack. You block the bat's attack.
You block the gnoll's attack.
You puncture the bat!
You kill the bat!
You block the bat's attack. You block the gnoll's attack.
The worker ant closely misses you. You block the gnoll's attack.
The gnoll hits you from afar with a +0 spear.
The gnoll hits you but does no damage. The worker ant bites you.
There is an open door here.
You see here a bat corpse.
You hit the gnoll.
The gnoll is lightly wounded.
The worker ant closely misses you. The gnoll hits you with a +0 spear!
* * * LOW HITPOINT WARNING * * *
The gnoll hits you with a +0 whip.
You die...

#.............#8.8#
##.#######.##.##.##
#.........##.##.##
#..######.####8.8#
#............##.##
#...#.....#####.##
##...#.##### #8.8#
.......... ##.## #
....#..#########@## #.
...............Bgg# ..
#.....#.........bg# .####
....#.###########g#.....#
......... ....g......#
......### .........###
..>.### .........+ .##.#
.........# .# .#
.........#


You could see a worker ant, 4 gnolls and a bat.

Vanquished Creatures
  2 adders (D:2)
  A goblin (D:1)
  A hobgoblin (D:1)
  3 jackals (D:2)
  5 kobolds (D:1)
  3 bats
  3 rats (D:2)
18 creatures vanquished.

Notes
Turn   | Place    | Note
-------+----------+-------------------------------------------
     0 | D:1      | jaime the Minotaur Fighter began the quest for the Orb.
     0 | D:1      | Reached XP level 1. HP: 19/19 MP: 0/0
   270 | D:2      | Reached XP level 2. HP: 22/27 MP: 1/1
   372 | D:2      | Reached XP level 3. HP: 33/33 MP: 2/2
   439 | D:2      | Slain by a gnoll

Illustrated notes

Levels and vault maps discovered:
D:1:      minmay_arrival_five_plusses, layout_basic
D:2:      layout_basic, dk_noncrumbling_2, uniq_sigmund, uniq_natasha

Skill      XL: |  1  2 |
---------------+-------+-----
Fighting       | 4 |  4.2
Armour         | 4 |  4.0
Shields        | 4 |  4.0
Short Blades   | |  2.6
Dodging        | |  0.1

Action                   || total
-------------------------++-------
Melee: Rapier            ||    50
       Headbutt          ||     5
Armor: Scale mail        ||    36
Dodge: Dodged            ||    19
Block: Kite shield       ||    56

Table legend: (Time is in decaauts)
 A = Elapsed time spent in this place.
 B = Non-inter-level travel time spent in this place.
 C = Inter-level travel time spent in this place.
 D = Time resting spent in this place.
 E = Time spent auto-exploring this place.
 F = Levels seen in this place.
 G = Mean time per level.
                   A        B        C        D        E       F      G
               +--------+--------+--------+--------+--------+-----+--------+
         Total |    447 |    447 |      0 |      0 |      0 |   2 |  223.5 |
       Dungeon |    447 |    447 |      0 |      0 |      0 |   2 |  223.5 |
               +--------+--------+--------+--------+--------+-----+--------+

Top non-repeatable levels by time:
     D:1: 262 daAuts
     D:2: 184 daAuts
